AoeStats
← theodb

Arena

510168941Analyzed
4v4 RM · 2d ago on Sep 29, 2026· 24m 3s· 8 players
Game mode
Random Map
Map size
Large (8 player)
Population
200
Speed
Normal
Resources
Standard
Victory
Conquest
Starting age
Dark Age
Ending age
Imperial Age
RankedLock teamsTeams togetherTeam positionsShared explorationLock speedFull tech treeHidden civsTurbo modeCheats
Victory
Defeat
🇬🇷 Cumans · Greece
1124
+14
🇩🇪 Turks · Germany
1104
+15
🇬🇷 Goths · Greece
1101
+15
🇷🇴 Malians · Romania
1058
+16
🇬🇹 Poles · Guatemala
1090
-16
🇪🇸 Varangians · Spain
1086
-15
🇻🇪 Bulgarians · Venezuela
1075
-15
🇺🇸 Turks · United States
1046
-14
Note1984
11:17 Feudal Age
15:16 Castle Age
13:09 Double-Bit Axe
14:49 Horse Collar
16:25 Bow Saw
16:20 Heavy Plow
theodb
9:52 Feudal Age
11:21 Wheelbarrow
11:05 Double-Bit Axe
11:12 Horse Collar
19:06 Castle Age
17:48 Fletching
FeherFarkas
9:34 Feudal Age
10:19 Double-Bit Axe
11:23 Horse Collar
14:28 Loom
16:48 Scale Barding Armor
16:55 Bloodlines
16:57 Forging
18:51 Gold Mining
19:48 Wheelbarrow
20:10 Loom
24:08 Castle Age
El chamo pirámide
11:19 Feudal Age
15:11 Castle Age
15:10 Double-Bit Axe
15:06 Horse Collar
16:02 Stone Mining
Sir Swinag
10:25 Feudal Age
10:56 Horse Collar
17:45 Castle Age
16:01 Double-Bit Axe
21:41 Heavy Plow
23:04 Bow Saw
23:26 Loom
Mr -V-
6:35 Loom
12:25 Feudal Age
13:32 Double-Bit Axe
14:27 Gold Mining
17:23 Horse Collar
24:52 Castle Age
MCMLXX
9:59 Feudal Age
19:44 Castle Age
18:14 Horse Collar
18:27 Gold Mining
18:27 Double-Bit Axe
18:54 Stone Mining
20:18 Loom
21:09 Wheelbarrow
21:44 Bow Saw
21:38 Heavy Plow
gkyrkos7
0:26 Loom
10:26 Feudal Age
10:33 Man-at-Arms
11:28 Double-Bit Axe
12:03 Horse Collar
15:44 Forging
16:41 Scale Mail Armor
20:34 Wheelbarrow
Connection lost

Rejoining the realm…

Still unreachable

The connection could not be restored.

Session expired

The server has moved on; the page needs a fresh start.